 Seeded DCSS version 0.28.0-62-gf88900778d (webtiles) character file.

Game seed: 13591998346360536447 (custom seed)

7 Psyclone the Conjurer (level 2, 0/19 HPs)
             Began as a Gnoll Conjurer on Oct 26, 2023.
             Slain by a ball python (3 damage)
             ... on level 3 of the Dungeon.
             The game lasted 00:00:13 (594 turns).

Psyclone the Conjurer (Gnoll Conjurer)               Turns: 594, Time: 00:00:13

Health: 0/19       AC:  2    Str:  6    XL:     2   Next: 4%
Magic:  6/7        EV: 10    Int: 17    God:
Gold:   1865       SH:  0    Dex: 10    Spells: 7/10 levels left

rFire   . . .      SeeInvis .   (no weapon)
rCold   . . .      Faith    .   (no shield)
rNeg    . . .      Spirit   .   a - +0 robe
rPois   .          Reflect  .   (no helmet)
rElec   .          Harm     .   (no cloak)
rCorr   .          Rampage  .   (no gloves)
Will    .....                   (no boots)
Stlth   ++........              (no amulet)
HPRegen 0.06/turn               (no ring)
MPRegen 0.10/turn               (no ring)

@: constricted
A: fangs 1, strong nose, distributed training
a: no special abilities


You were on level 3 of the Dungeon.
You visited 1 branch of the dungeon, and saw 3 of its levels.

You collected 1865 gold pieces.

Inventory:

Armour
 a - a +0 robe (worn)
 b - a +0 helmet of intelligence
Scrolls
 c - a scroll of teleportation {unknown}


   Skills:
 + Level 0.2 Fighting
 + Level 0.2 Short Blades
 + Level 0.2 Long Blades
 + Level 0.2 Axes
 + Level 0.2 Maces & Flails
 + Level 0.2 Polearms
 + Level 0.2 Staves
 + Level 0.2 Slings
 + Level 0.2 Bows
 + Level 0.2 Crossbows
 + Level 0.2 Throwing
 + Level 0.2 Armour
 + Level 4.4 Dodging
 + Level 4.0 Stealth
 + Level 0.2 Shields
 + Level 0.2 Unarmed Combat
 + Level 4.9 Spellcasting
 + Level 7.0 Conjurations
 + Level 0.1 Hexes
 + Level 0.1 Summonings
 + Level 0.1 Necromancy
 + Level 0.1 Translocations
 + Level 0.1 Transmutations
 + Level 0.1 Fire Magic
 + Level 0.1 Ice Magic
 + Level 0.1 Air Magic
 + Level 0.1 Earth Magic
 + Level 0.1 Poison Magic
 + Level 0.3 Invocations
 + Level 0.2 Evocations


You had 7 spell levels left.
You knew the following spells:

 Your Spells              Type           Power      Damage    Failure   Level
a - Magic Dart            Conj           100%       1d8       1%          1
b - Searing Ray           Conj           56%        2d6       1%          2

Your spell library contained the following spells:

 Spells                   Type           Power      Damage    Failure   Level
 Dazzling Flash           Conj/Hex       32%        N/A       10%         3
 Fulminant Prism          Conj/Hex       8%         3d7       32%         4
 Iskenderun's Mystic Bla  Conj/Tloc      16%        2d5       32%         4


Dungeon Overview and Level Annotations

Branches:
Dungeon (3/15)

Altars:
The Shining One


Innate Abilities, Weirdness & Mutations

You have very sharp teeth.
Your uncanny sense of smell can sniff out nearby items.
Your experience applies equally to all skills.


Message History

The ball python bites you. The ball python constricts you.
You hit the ball python but do no damage.
You bite the ball python.
The ball python is moderately wounded.
The ball python barely misses you. The ball python constricts you.
You barely miss the ball python.
The ball python is moderately wounded.
The ball python completely misses you. The ball python constricts you.
You barely miss the ball python.
You bite the ball python, but do no damage.
The ball python is moderately wounded.
The ball python bites you but does no damage.
The ball python constricts you.
You take 10 damage, and have 9/19 hp.
MASSIVE DAMAGE!!
Casting: Magic Dart (safe; 1% risk of failure)
Confirm with . or Enter, or press ? or * to list all spells.
Aiming: Magic Dart (safe; 1% risk of failure)
Press: ? - help, Shift-Dir - straight line, f - ball python
Aim: a ball python (moderately wounded, constricting you, 100% to hit)
The magic dart hits the ball python.
The ball python is severely wounded.
The ball python bites you. The ball python constricts you.
You take 1 damage, and have 8/19 hp.
You now have 6/7 mp.
A ball python is nearby!
A ball python is nearby!
The ball python bites you. The ball python constricts you.
The ball python closely misses you. The ball python constricts you.
The ball python bites you. The ball python constricts you.
The ball python barely misses you. The ball python constricts you.
The ball python bites you but does no damage.
The ball python constricts you. The ball python bites you.
* * * LOW HITPOINT WARNING * * *
The ball python constricts you. The ball python closely misses you.
The ball python constricts you.
* * * LOW HITPOINT WARNING * * *
The ball python barely misses you. The ball python constricts you.
* * * LOW HITPOINT WARNING * * *
The ball python bites you.
You die...

# .# ###. ... .
#.######## .. ._§
#S@......##.# ...
########.##.#...
.. #>##.#.###.
#.#........
####.#..##....
#..........# ∆
#.##.#..##.##
...##........##
................##


You could see a ball python.

Vanquished Creatures
  3 jackals (D:1)
  A kobold (D:1)
  A ball python (D:1)
  2 rats (D:1)
7 creatures vanquished.

Notes
Turn   | Place    | Note
-------+----------+-------------------------------------------
     0 | D:1      | Psyclone the Gnoll Conjurer began the quest for the Orb.
     0 | D:1      | Reached XP level 1. HP: 13/13 MP: 6/6
   275 | D:2      | Identified a scroll of acquirement
   275 | D:2      | Acquired a +0 helmet of intelligence
   337 | D:1      | Reached XP level 2. HP: 19/19 MP: 5/7
   468 | D:2      | Acquired 1150 gold pieces
   523 | D:2      | Acquired 686 gold pieces
   562 | D:3      | Found a glowing golden altar of the Shining One.
   570 | D:3      | Learned a level 2 spell: Searing Ray
   594 | D:3      | Slain by a ball python

Illustrated notes

Levels and vault maps discovered:
D:1:      wander_arrival_fairy_ring, layout_basic, chequers_serial_rivers_room_a
D:2:      layout_loops_ring, shapermc_ecumenical_altar_venn, uniq_natasha
D:3:      layout_loops_ring, mainiacjoe_overflow_chevrons,
          gammafunk_ghost_arena, hangedman_glass_teeth

Action                   || total
-------------------------++-------
Melee: Unarmed           ||    10
       Bite              ||     2
 Cast: Magic Dart        ||     9
  Use: Scroll            ||     3
Armor: Robe              ||     3
Dodge: Dodged            ||    12
